 Dungeon Crawl Stone Soup version 0.22-a0-392-g5dc3fd9 (webtiles) character file.

31 Kairos the Shield-Bearer (level 3, 19/34 HPs)
             Began as a Deep Dwarf Fighter on May 2, 2018.
             Quit the game on level 1 of the Dungeon.
             The game lasted 00:01:17 (803 turns).

Kairos the Shield-Bearer (Deep Dwarf Fighter)        Turns: 803, Time: 00:01:18

Health: 19/34      AC:  6    Str: 20    XL:     3   Next: 7%
Magic:  3/3        EV:  8    Int:  8    God:
Gold:   7          SH:  9    Dex: 12    Spells: 2/2 levels left

rFire    . . .     SeeInvis .   a - +0 war axe
rCold    . . .     Gourm    .   c - +0 shield
rNeg     . . .     Faith    .   i - +3 leather armour
rPois    .         Spirit   .   (no helmet)
rElec    .         Reflect  .   (no cloak)
rCorr    .         Harm     .   (no gloves)
MR       .....                  (no boots)
Stlth    +.........             (no amulet)
HPRegen  0.00/turn              (no ring)
MPRegen  0.08/turn              (no ring)

@: non-regenerating
A: damage resistance, heal wounds, sense surroundings 1, no regeneration
a: Heal Wounds


You were on level 1 of the Dungeon.
You were not hungry.

You visited 1 branch of the dungeon, and saw 1 of its levels.

You collected 7 gold pieces.

Inventory:

Hand Weapons
 a - a +0 war axe (weapon)
Armour
 b - a +0 scale mail
 c - a +0 shield (worn)
 i - a +3 leather armour (worn)
Scrolls
 e - a scroll of magic mapping {unknown}
 h - a scroll of teleportation {unknown}
 j - a scroll of remove curse {unknown}
Potions
 d - 2 potions of might
 g - 3 potions of curing {unknown}
Comestibles
 f - 2 rations


   Skills:
 + Level 3.0 Fighting
 + Level 2.6 Axes
 + Level 3.6 Armour
 + Level 3.7 Shields


You had 2 spell levels left.
You didn't know any spells.

Dungeon Overview and Level Annotations

Branches:
Dungeon (1/15)

Altars:


Innate Abilities, Weirdness & Mutations

You are resistant to damage.
You can heal yourself by infusing magical energy.
You passively map a small area around you.
You do not regenerate.


Message History

You finish putting on your +0 scale mail.
Unknown command.
Things that are here:
a whip; a stone
Found 27 arrows.
Done exploring.
Done exploring.
Done exploring.
Done exploring.
You start removing your armour.
You continue taking off your +0 scale mail. x4
You finish taking off your +0 scale mail.
You start putting on your armour.
You continue putting on your +3 leather armour. x5
You finish putting on your +3 leather armour.
Done exploring.
Done exploring.
Done exploring.
There is a stone staircase leading down here.
Are you sure you want to abandon this character and quit the game? (Confirm with "yes".)

......# #.#.........##........
#####.######.#.#######.##........
....#.....##....# #.#######.#'
..#.#>###.##....# #.# #.##
........#.##....######.## #.##
#.#.#.#.#.##.#.#........# #.#.
......#.#....#.#........# #.##
#...).#.######.#....(...# #...
###.###.#......'@.......# ####
#...# #.#.####.#........#
#.#####.#.# #)#........#
.....##.#.####.#........# ####
#.##.#..................# #...
...#.#.........#.######## #.##
#..#....#.######...###########.#
#..####.#.######.#.............#
...............#.#.............#


There were no monsters in sight!

Vanquished Creatures
  3 dart slugs (D:1)
  A leopard gecko (D:1)
  2 giant cockroaches (D:1)
  2 goblins (D:1)
  2 hobgoblins (D:1)
  5 jackals (D:1)
  2 kobolds (D:1)
  2 bats (D:1)
  2 frilled lizards (D:1)
  A rat (D:1)
22 creatures vanquished.

Notes
Turn   | Place    | Note
-------+----------+-------------------------------------------
     0 | D:1      | Kairos the Deep Dwarf Fighter began the quest for the Orb.
     0 | D:1      | Reached XP level 1. HP: 20/20 MP: 1/1
   110 | D:1      | Reached XP level 2. HP: 24/27 MP: 2/2
   658 | D:1      | Reached XP level 3. HP: 20/34 MP: 3/3
   803 | D:1      | Quit the game

Vault maps used:
D:1:      minmay_arrival_four_houses

Skill      XL: |  1  2 |
---------------+-------+-----
Fighting       | 3 |  3.0
Axes           | |  2.6
Armour         | |  3.6
Shields        | |  3.7

Action                   || total
-------------------------++-------
Melee: War axe           ||    65
Armor: Scale mail        ||    15
       Leather armour    ||    15
Dodge: Dodged            ||    20
Block: Shield            ||    30

Table legend:
 A = Spawn XP
 B = Non-spawn XP
 C = Spawn XP percentage of total XP
 D = Spawn monster count
 E = Non-spawn monster count
 F = Spawn count percentage of total count
 G = Total turns spent on level
                    A         B        C        D         E        F      G
               +---------+---------+-------+---------+---------+-------+---------
         Total |       0 |      45 |   0.0 |       0 |      22 |   0.0 |   803
               +---------+---------+-------+---------+---------+-------+---------
           D:1 |       0 |      45 |   0.0 |       0 |      22 |   0.0 |   803
               +---------+---------+-------+---------+---------+-------+---------
